Map: Pillars of Gold LE

Players

DANKCRAFT - Winner!

  • Race: Terran Terran
  • League: Master
  • Spawn Location: 1:00

Nice

  • Race: Zerg Zerg
  • League: Platinum
  • Spawn Location: 7:00

VOD

Have the link to the VOD?

Description

Time

  • Played on: Nov. 27, 2020, 6:43 a.m.
  • Length: 19:05
Show
View Real Time Build Order
Export as new Build Order

DANKCRAFT Terran - Winner!

Build Orders: 2 Factory, Hellion Opening 

Get SALT Encoding   

  13  0:07  SCV  
  13  0:21  SCV  
  14  0:29  Supply Depot  
  14  0:34  SCV  
  15  0:48  Refinery  
  15  0:51  SCV  
  15  0:53  Refinery  
  15  0:55  Barracks  
  16  1:03  SCV  
  17  1:15  SCV  
  18  1:27  SCV  
  19  1:39  SCV  
  20  1:44  Supply Depot  
  20  1:45  Marine  
  21  1:53  Factory  
  21  1:59  Factory  
  21  2:04  Orbital Command  
  21  2:19  Factory  
  21  2:30  SCV  
  22  2:42  SCV  
  23  2:46  Hellion x2  
  27  2:54  SCV  
  28  3:04  Hellion  
  30  3:09  SCV  
  31  3:18  Supply Depot  
  31  3:20  Supply Depot  
  31  3:24  Armory  
  31  3:37  Hellion x3  
  37  3:47  Supply Depot  
  37  4:05  Factory Tech Lab  
  37  4:06  Factory Tech Lab x2  
  37  4:11  Starport  
  37  4:24  Bunker  
  27  4:57  Thor x2  
  37  5:08  Thor  
  43  5:25  Starport Tech Lab  
  43  5:38  Command Center  
  43  5:56  Thor  
  49  6:12  Thor  
  55  6:48  Hellion x2  
  55  6:51  SCV  
  55  6:52  SCV  
  61  6:55  Hellion  
  61  7:01  Raven  
  65  7:02  Supply Depot  
  65  7:04  SCV x2  
  67  7:09  Hellion x2  
  71  7:16  SCV  
  71  7:17  Hellion  
  74  7:27  Supply Depot  
  74  7:29  Supply Depot  
  74  7:46  Hellion x2  
  78  8:00  Hellion  
  80  8:07  Hellion x2  
  84  8:18  Infernal Pre-Igniter  
  82  9:01  Siege Tank  
  82  9:02  Siege Tank x2  
  73  9:34  Siege Tank  
  80  9:52  Hellion  
  80  9:53  Hellion  
  80  10:06  Hellion  
  84  10:14  Hellion x2  
  70  10:29  Hellion  
  66  10:50  Hellion x2  
  57  11:56  Orbital Command  
  44  13:08  Orbital Command  
  41  14:53  Supply Depot  
  41  15:00  Supply Depot  
  41  15:44  Hellion x2  
  41  15:45  Supply Depot  
  41  15:47  Orbital Command  
  41  15:48  Supply Depot  
  45  16:07  Hellion  
  49  16:26  Hellion  
  49  16:29  Hellion  
  53  16:47  Hellion  
  53  16:59  Hellion  
  57  17:08  Hellion  
  57  17:20  Hellion  
  53  18:20  Orbital Command  
  53  18:48  SCV  
Show
View Real Time Build Order
Export as new Build Order

Nice Zerg 

Build Orders: Hatch First 

Get SALT Encoding   

  12  0:01  Drone  
  13  0:15  Overlord  
  13  0:18  Drone  
  14  0:34  Drone x2  
  16  0:38  Drone  
  17  0:48  Drone  
  18  0:58  Hatchery  
  18  1:03  Extractor  
  16  1:15  Spawning Pool  
  16  1:18  Drone  
  16  1:24  Drone  
  16  1:25  Drone  
  18  1:31  Drone  
  19  1:43  Drone  
  20  1:53  Drone  
  21  2:05  Overlord, Extractor  
  21  2:06  Queen  
  22  2:10  Queen  
  24  2:21  Drone  
  24  2:22  Drone x2  
  27  2:28  Drone  
  28  2:41  Drone x2  
  30  2:45  Queen  
  30  2:49  Queen  
  30  2:51  Drone  
  35  2:54  Drone  
  36  3:14  Roach Warren  
  36  3:16  Metabolic Boost  
  35  3:24  Drone  
  35  3:25  Overlord  
  35  3:26  Overlord x2  
  36  3:39  Overlord  
  36  3:46  Spine Crawler  
  36  3:47  Spine Crawler  
  34  4:00  Drone  
  34  4:01  Drone x6  
  34  4:02  Roach x2  
  45  4:10  Drone x4  
  49  4:24  Roach x3  
  52  4:51  Drone x6  
  52  4:56  Drone x2  
  54  5:03  Drone x3  
  57  5:12  Lair  
  57  5:14  Drone x2  
  57  5:17  Hatchery  
  58  5:24  Pneumatized Carapace  
  58  5:26  Extractor  
  58  5:27  Extractor  
  56  5:34  Roach x6  
  68  5:47  Spore Crawler  
  67  6:02  Overlord  
  67  6:10  Spore Crawler  
  66  6:25  Overlord x4  
  66  6:41  Hatchery  
  66  6:44  Drone x4  
  66  6:45  Drone x6  
  75  6:57  Drone x3  
  78  7:06  Drone x2  
  78  7:07  Drone x3  
  83  7:21  Hydralisk Den  
  82  7:28  Drone x6  
  82  7:29  Drone x3  
  91  7:35  Spore Crawler  
  90  7:41  Spine Crawler  
  90  7:42  Drone x3  
  90  7:43  Drone x5  
  97  7:53  Roach x4  
  97  7:54  Roach  
  97  7:56  Glial Reconstitution  
  97  7:58  Muscular Augments  
  107  8:07  Extractor  
  107  8:08  Extractor  
  105  8:16  Overlord x4  
  105  8:36  Hydralisk x4  
  105  8:37  Roach x7, Hydralisk x3  
  105  8:38  Roach  
  105  8:39  Zergling x2  
  94  9:30  Zergling x20  
  94  9:31  Zergling x10  
  85  9:44  Zergling x6  
  87  9:54  Zergling x8  
  87  9:59  Hatchery  
  90  10:00  Hatchery  
  90  10:04  Hatchery  
  29  11:24  Lair  
  23  11:28  Spawning Pool  
  23  11:31  Drone x2  
  24  11:49  Drone  
  24  11:50  Drone  
  24  11:53  Extractor  
  25  11:56  Extractor  
  25  11:59  Drone x2  
  25  12:00  Drone  
  27  12:03  Drone  
  28  12:13  Drone x3  
  29  12:17  Roach Warren  
  29  12:19  Zergling x4  
  29  12:20  Zergling x2  
  31  12:33  Drone x2  
  33  12:39  Zergling x4  
  33  12:42  Lair  
  25  13:03  Drone x2  
  31  13:21  Roach x2  
  31  13:27  Hatchery  
  31  13:32  Roach  
  32  13:42  Roach  
  32  13:47  Spawning Pool  
  35  13:55  Roach  
  35  14:09  Roach  
  37  14:11  Hatchery  
  37  14:12  Roach  
  37  14:16  Hatchery  
  36  14:58  Hatchery  
  36  14:59  Drone x3  
  38  17:03  Drone x3  
  41  17:12  Hatchery  
Tags
 
Add a new tag
Caveats
  • Supply blocks, unpowered buildings, or Contaminate may cause inaccurate times.
  • Supply counts are checked every 10 seconds.